 Dungeon Crawl Stone Soup version 0.30-a0-737-gf23d94013f (webtiles) character file.

Game seed: 6171614166243365867

7021 Leeroy the Nimble (level 11, -3/56 HPs)
             Began as a Vine Stalker Warper on Feb 1, 2023.
             Was an Elder of Okawaru.
             Slain by a hornet (6 damage)
             ... while paralysed by a hornet
             ... on level 9 of the Dungeon.
             The game lasted 00:20:48 (10720 turns).

Leeroy the Nimble (Vine Stalker Warper)            Turns: 10720, Time: 00:20:48

Health: -3/56      AC: 10    Str: 14    XL:     11   Next: 8%
Magic:  0/21       EV:  2    Int: 13    God:    Okawaru [****..]
Gold:   618        SH:  0    Dex: 18    Spells: 7/22 levels left

rFire   + . .      SeeInvis .    H - +2 falchion (elec)
rCold   . . .      Faith    .    (no shield)
rNeg    . . .      Spirit   +    r - +3 ring mail
rPois   .          Reflect  .    (no helmet)
rElec   .          Harm     .    (no cloak)
rCorr   .          Rampage  .    M - +0 pair of gloves
Will    +....                    (no boots)
Stlth   ++                       (no amulet)
HPRegen 1.09/turn                q - ring of protection from fire
MPRegen 0.17/turn                (no ring)

@: paralysed, lethally poisoned (-3 -> -6), slowed
A: fangs 3, regeneration 1, magic shield, antimagic bite, no potion heal 2
a: Renounce Religion, Heroism, Finesse


You were on level 9 of the Dungeon.
You worshipped Okawaru.
Okawaru was greatly pleased with you.
You visited 2 branches of the dungeon, and saw 10 of its levels.
You also visited: Bailey.

You collected 618 gold pieces.

Inventory:

Hand Weapons
 a - a +0 falchion
 t - a +0 rapier
 u - a +0 long sword
 C - a +0 morningstar of protection
 F - a +0 lajatang
 G - a +0 quarterstaff
 H - a +2 falchion of electrocution (weapon)
 I - a +4 spear
 K - a +1 rapier of venom
 Q - a +4 war axe
 R - a +2 whip of electrocution
 S - a +4 falchion
 U - a +1 halberd of electrocution
 V - a +1 halberd of draining
 W - a +2 halberd of electrocution
 X - a +0 halberd of draining
Missiles
 d - 3 boomerangs of dispersal
 o - 4 javelins
 p - a boomerang
 B - a throwing net
 E - 5 silver boomerangs
 O - 3 silver javelins (quivered)
Armour
 b - a +0 leather armour
 c - an orb of light
 r - a +3 ring mail (worn)
 M - a +0 pair of gloves (worn)
 T - a +0 robe of positive energy
Magical Staves
 x - a staff of conjuration
Jewellery
 q - a ring of protection from fire (left hand)
Scrolls
 e - 5 scrolls of identify {unknown}
 h - a scroll of fog {unknown}
 i - a scroll of immolation {unknown}
 k - 3 scrolls of amnesia
 m - 7 scrolls of teleportation
 n - a scroll of acquirement {unknown}
 s - 2 scrolls of silence {unknown}
 v - a scroll of magic mapping
 y - a scroll of vulnerability {unknown}
 L - 2 scrolls of brand weapon {unknown}
 P - a scroll of poison {unknown}
Potions
 f - 6 potions of heal wounds {unknown}
 g - 9 potions of mutation {unknown}
 j - 7 potions of haste {unknown}
 l - 4 potions of lignification {unknown}
 w - 2 potions of curing
 z - 2 potions of magic {unknown}
 A - 2 potions of might {unknown}
 D - 3 potions of brilliance {unknown}
 J - 7 potions of degeneration
 N - 5 potions of invisibility {unknown}


   Skills:
 - Level 5.2 Fighting
 + Level 7.0 Long Blades
 - Level 0.8 Throwing
 - Level 4.1 Armour
 - Level 8.4 Dodging
 - Level 4.0 Stealth
 - Level 6.1 Spellcasting
 - Level 6.2 Translocations


You had 7 spell levels left.
You knew the following spells:

 Your Spells              Type           Power      Damage    Failure   Level
a - Blink                 Tloc           40%        N/A       3%          2
b - Vhi's Electric Charg  Tloc/Air       24%        N/A       26%         3
c - Manifold Assault      Tloc           20%        N/A       24%         4
d - Teleport Other        Tloc           20%        N/A       8%          3
e - Mephitic Cloud        Conj/Pois/Air  4%         N/A       67%         3

Your spell library contained the following spells:

 Spells                   Type           Power      Damage    Failure   Level
 Lesser Beckoning         Tloc           40%        N/A       3%          2
 Gell's Gravitas          Tloc           20%        N/A       8%          3
 Cigotuvi's Dreadful Rot  Necr/Pois/Air  8%         N/A       43%         2
 Poisonous Vapours        Pois/Air       8%         N/A       43%         2
 Sublimation of Blood     Necr           4%         N/A       43%         2
 Wereblood                Tmut           4%         N/A       43%         2
 Dispersal                Tloc           10%        N/A       98%         6
 Summon Hydra             Summ           Unusable   N/A       N/A         7

Dungeon Overview and Level Annotations

Branches:
Dungeon (9/15)             Temple (1/1) D:4          Bailey (visited)
   Lair: D:8-11         Orc: D:9-12

Altars:
Ashenzari
Cheibriados
Dithmenos
Elyvilon
Fedhas
Gozag
Hepliaklqana
Kikubaaqudgha
Makhleb
Nemelex Xobeh
Okawaru
Qazlal
Ru
Sif Muna
Trog
Uskayaw
Vehumet
Wu Jian
Yredelemnul
Zin
The Shining One

Shops:
D:7 =

Annotations:
D:3 1 runed translucent door


Innate Abilities, Weirdness & Mutations

You have razor-sharp teeth.
Your natural rate of healing is unusually fast.
When hurt, damage is shared between your health and your magic reserves.
Your bite disrupts and absorbs the magic of your enemies.
Potions cannot restore your health.


Message History

You hit the hornet. You bite the hornet. You drain its power.
You feel invigorated.
The hornet is heavily wounded.
The hornet barely misses you. x2
You barely miss the hornet. You bite the hornet, but do no damage.
The hornet is heavily wounded.
You feel yourself speed up. The hornet closely misses you.
The hornet stings you but does no damage.
You slash the hornet! Your bite misses the hornet.
The hornet is severely wounded.
The hornet barely misses you. The hornet stings you.
You feel yourself slow down.
You barely miss the hornet.
The hornet is severely wounded.
You feel yourself speed up. The hornet stings you!
You feel yourself slow down.
You barely miss the hornet. You bite the hornet, but do no damage.
The hornet is severely wounded.
The hornet stings you.
You are poisoned.
You feel as though you will be slow longer.
The hornet closely misses you. The hornet stings you!
* * * LOW HITPOINT WARNING * * *
You feel as though you will be slow longer.
Your system rejects the healing.
You feel better. The hornet barely misses you.
The hornet stings you but does no damage.
You hit the hornet but do no damage.
The hornet is severely wounded.
The hornet stings you!
* * * LOW HITPOINT WARNING * * *
You are poisoned.
You feel as though you will be slow longer.
The hornet stings you.
* * * LOW HITPOINT WARNING * * *
You suddenly lose the ability to move!
* * * LOW HITPOINT WARNING * * *
You feel very sick. The hornet stings you!
You die...

*###* #### ####§..## #...
########## ######.§.§§..# #...
.........######......#§_§#.# #...
########........@y...§§.§#§###...
#####.##########..§§......
######..# ###§§###... #.<....##
#####.## #... #.###### #.....#
#... ##)# #.##### #... ###..#
#### ##.# ##.# #...## #.>#####..#
###..# #.### #...#....## #...##


You could see a hornet.

Vanquished Creatures
  An orc knight (Bailey)
  Pikel (D:8)
  Psyche (D:8)
  A komodo dragon (D:9)
  5 yaks
  An unseen horror simulacrum (D:8)
  2 steam dragons
  2 water moccasins (D:6)
  5 orc warriors
  4 ice beasts
  2 ogres
  The ghost of kae the Ruffian, an amateur DrTm (D:3)
  4 centaurs
  A phantom (D:6)
  4 bullfrogs
  3 gnoll sergeants
  3 necrophages
  2 scorpions
  7 wights
  A hornet simulacrum (D:8)
  3 killer bees (D:8)
  An electric eel (D:8)
  3 howler monkeys
  A crimson imp (D:4)
  3 hounds
  2 jellies
  7 orc priests
  2 gnoll boudas
  Jessica (D:3)
  4 iguanas
  Natasha (D:2)
  6 orc wizards
  34 gnolls
  7 adders
  A river rat (D:3)
  3 white imps
  An ufetubus (D:8)
  3 dart slugs
  2 worms (D:3)
  38 orcs
  8 ball pythons
  7 endoplasms
  4 giant cockroaches
  12 goblins
  4 hobgoblins
  7 jackals
  2 quokkas (D:1)
  5 bats
  4 frilled lizards
  4 kobolds
  4 rats
235 creatures vanquished.

Vanquished Creatures (others)
  A white imp (D:8)
  6 fungi (D:7)
  6 toadstools (D:7)
13 creatures vanquished.

Grand Total: 248 creatures vanquished

Notes
Turn   | Place    | Note
-------+----------+-------------------------------------------
     0 | D:1      | Leeroy the Vine Stalker Warper began the quest for the Orb.
     0 | D:1      | Reached XP level 1. HP: 11/11 MP: 4/4
   253 | D:1      | Reached XP level 2. HP: 14/15 MP: 4/6
   265 | D:1      | Learned a level 2 spell: Blink
  1194 | D:2      | Reached XP level 3. HP: 18/18 MP: 8/8
  1806 | D:2      | Noticed Natasha
  1817 | D:2      | Killed Natasha
  1818 | D:2      | Gained mutation: Your natural rate of healing is unusually
                  | fast. [Vine Stalker growth]
  1818 | D:2      | Reached XP level 4. HP: 15/23 MP: 5/10
  2050 | D:3      | Reached XP level 5. HP: 14/26 MP: 9/13
  2136 | D:3      | Learned a level 3 spell: Vhi's Electric Charge
  2141 | D:3      | Learned a level 4 spell: Manifold Assault
  2158 | D:3      | Found a runed translucent door.
  2159 | D:3      | Noticed kae's ghost (amateur DrTm)
  2207 | D:3      | Found a runed translucent door.
  2244 | D:3      | Reached skill level 5 in Spellcasting
  2543 | D:3      | Found a faded altar of an unknown god.
  2588 | D:3      | Noticed Jessica
  2601 | D:3      | Killed Jessica
  2680 | D:3      | Found an iron altar of Okawaru.
  2837 | D:3      | Became a worshipper of Warmaster Okawaru
  2912 | D:3      | Killed kae's ghost
  2913 | D:3      | Reached XP level 6. HP: 21/30 MP: 12/16
  3006 | D:4      | Found a staircase to the Ecumenical Temple.
  3076 | D:4      | Found a hazy altar of Hepliaklqana.
  3332 | D:4      | Found a snail-covered altar of Cheibriados.
  3356 | Temple   | Entered the Ecumenical Temple
  4142 | D:4      | Learned a level 3 spell: Teleport Other
  4143 | D:5      | Entered Level 5 of the Dungeon
  4158 | D:4      | Reached XP level 7. HP: 25/36 MP: 9/17
  4397 | D:5      | Reached * piety under Okawaru
  4492 | D:5      | Noticed a steam dragon
  4508 | D:5      | Killed a steam dragon
  4509 | D:5      | Reached skill level 5 in Fighting
  4709 | D:5      | Reached skill level 1 in Stealth
  4797 | D:5      | Gained mutation: You have razor-sharp teeth. [Vine Stalker
                  | growth]
  4797 | D:5      | Reached XP level 8. HP: 17/43 MP: 4/18
  4920 | D:5      | Found an opulent altar of Gozag.
  4920 | D:5      | Found a sparkling altar of Nemelex Xobeh.
  4940 | D:5      | Reached ** piety under Okawaru
  5783 | D:5      | Reached skill level 5 in Long Blades
  5930 | D:6      | Reached skill level 5 in Translocations
  5934 | D:6      | Reached XP level 9. HP: 47/47 MP: 19/19
  6259 | D:6      | Reached skill level 1 in Armour
  6525 | D:7      | Found a shimmering blue altar of Sif Muna.
  6530 | D:7      | Learned a level 3 spell: Mephitic Cloud
  6925 | D:7      | Reached *** piety under Okawaru
  7366 | D:7      | Reached skill level 2 in Dodging
  7383 | D:7      | Found Direyve's Jewellery Shop.
  7457 | D:7      | Found a white marble altar of Elyvilon.
  7458 | D:7      | Found a glowing golden altar of the Shining One.
  7459 | D:7      | Found a glowing silver altar of Zin.
  7524 | D:8      | Noticed Psyche
  7575 | D:8      | Received a gift from Okawaru
  7760 | D:8      | Reached skill level 3 in Dodging
  7891 | D:8      | HP: 2/47 [electric eel/bolt of electricity (9)]
  8257 | D:8      | Noticed Pikel
  8317 | D:7      | Reached skill level 4 in Dodging
  8508 | D:8      | Reached skill level 5 in Dodging
  8508 | D:8      | Reached XP level 10. HP: 27/51 MP: 20/20
  8705 | D:8      | Killed Psyche
  8705 | D:8      | Reached **** piety under Okawaru
  8746 | D:8      | Reached skill level 6 in Dodging
  9430 | D:8      | Killed Pikel
  9431 | D:8      | Reached skill level 7 in Dodging
  9558 | D:9      | Reached skill level 8 in Dodging
  9619 | D:9      | Found a stormy altar of Qazlal.
  9811 | D:9      | Reached ***** piety under Okawaru
  9886 | D:9      | Found a flagged portal.
  9910 | Bailey   | Entered a bailey
 10049 | Bailey   | Noticed an orc knight
 10068 | Bailey   | HP: 2/48 [orc knight/+0 halberd (8)]
 10075 | Bailey   | Killed an orc knight
 10076 | Bailey   | Reached XP level 11. HP: 7/56 MP: 6/21
 10472 | D:9      | Found a shadowy altar of Dithmenos.
 10719 | D:9      | Paralysed by a hornet for 3 turns
 10720 | D:9      | Slain by a hornet

Illustrated notes

Levels and vault maps discovered:
D:1:      dpeg_arrival_renting, layout_basic, minivault_4
D:2:      layout_loops_ring, chequers_serial_rivers_micro_c, uniq_natasha
D:3:      layout_basic, okawaru_trees_1,
          hellmonk_ecumenical_altar_pennies_from_heaven, ebering_ghost_sewer_f,
          grunt_decor_one_mirror, uniq_jessica
D:4:      layout_loops_ring, mainiacjoe_overflow_alcove_4, cheibriados_altar_1,
          minmay_temple_entry_grid, hangedman_decor_diamond_cutter,
          minmay_fire_ice_demons
D:5:      layout_cave_pods, grunt_temple_overflow_opulence
D:6:      layout_basic, minmay_crystal_water, due_unseen_surprise
D:7:      layout_loops_ring, good_gods_temple_1,
          mainiacjoe_overflow_surrounded_room, minmay_gold_behind_fungi,
          nicolae_stop_n_shop_2, st_stairs_2
D:8:      layout_loops_ring, serial_ice, serial_ice_g, serial_ice_l,
          serial_ice_o, serial_ice_f, serial_ice_e, corexii_corridor_pit,
          kennysheep_donut, uniq_pikel, uniq_psyche
D:9:      layout_rooms, nicolae_qazlal_style_of_elements, grunt_dithmenos_smoke,
          enter_bailey_7
Temple:   chequers_temple_sunken

Skill      XL: |  1  2  3  4  5  6  7  8  9 10 11 |
---------------+----------------------------------+-----
Long Blades    | 2 3 5 6 7 |  7.0
Spellcasting   | 3 4 6 |  6.1
Fighting       | 3 5 |  5.2
Stealth        | 1 4 |  4.0
Translocations | 5 6 |  6.2
Armour         | 4 |  4.1
Dodging        | 5 8 |  8.4
Throwing       | |  0.8

Action                     |  1- 3 |  4- 6 |  7- 9 | 10-12 || total
---------------------------+-------+-------+-------+-------++-------
  Melee: Falchion          |    80 |   120 |   239 |   238 ||   677
         Bite              |    16 |    61 |   114 |    90 ||   281
         Punch             |     1 |       |     6 |     4 ||    11
         Long sword        |       |   103 |   115 |       ||   218
  Throw: Javelin           |       |       |     6 |     3 ||     9
         Boomerang         |       |       |     4 |       ||     4
   Cast: Blink             |       |       |       |     2 ||     2
 Invoke: Heroism           |       |       |       |     2 ||     2
         Finesse           |       |       |       |     1 ||     1
    Use: Potion            |       |       |     2 |     2 ||     4
         Scroll            |       |       |     1 |     4 ||     5
   Stab: Sleeping          |     1 |       |       |     8 ||     9
 Armour: Leather armour    |    17 |    12 |       |       ||    29
         Ring mail         |       |    81 |   175 |    53 ||   309
  Dodge: Dodged            |    44 |   138 |   238 |   198 ||   618

Table legend: (Time is in decaauts)
 A = Elapsed time spent in this place.
 B = Non-inter-level travel time spent in this place.
 C = Inter-level travel time spent in this place.
 D = Time resting spent in this place.
 E = Time spent auto-exploring this place.
 F = Levels seen in this place.
 G = Mean time per level.
                   A        B        C        D        E       F      G
               +--------+--------+--------+--------+--------+-----+--------+
         Total |  10913 |  10207 |    706 |   1272 |   6321 |  11 |  992.1 |
       Dungeon |  10265 |   9559 |    706 |   1272 |   5905 |   9 | 1140.6 |
        Temple |    256 |    256 |      0 |      0 |    173 |   1 |  256.0 |
        Bailey |    391 |    391 |      0 |      0 |    243 |   1 |  391.0 |
               +--------+--------+--------+--------+--------+-----+--------+

Top non-repeatable levels by time:
     D:5: 1575 daAuts
     D:8: 1554 daAuts
     D:7: 1299 daAuts
     D:1: 1198 daAuts
     D:3: 1061 daAuts
     D:4: 1026 daAuts
     D:6: 1004 daAuts
     D:9: 801 daAuts
     D:2: 742 daAuts
  Bailey: 391 daAuts
  Temple: 256 daAuts
